[ PARTIDA AOE2 · #506895402 ]
UnrankedMagiares vs Tupi
Equipo del jugador · VICT
Equipo rival · DERR
[ ANÁLISIS DE REPETICIÓN · EXTRAÍDO DE LA PARTIDA GRABADA ]
Feudal
10:20
Castillos
21:25
Imperial
42:53
| APM promedio | 78.1 |
| APM pico | 126 |
| eAPM promedio | 35.7 |
| Aldeanos / militares | 219 / 308 |
Foco
⚔️ 42.2% · 🌾 57.8%
Magyar Huszar ×131 · Cavalry Archer ×114 · Skirmisher ×44 · Scout Cavalry ×11 · Trebuchet (Packed) ×4 · Mangonel ×3
Feudal
11:02
Castillos
22:31
Imperial
36:29
| APM promedio | 58.5 |
| APM pico | 107 |
| eAPM promedio | 34.9 |
| Aldeanos / militares | 197 / 260 |
Foco
⚔️ 48.2% · 🌾 51.8%
Archer ×155 · Unknown (2550) ×122 · Spearman ×93 · Trebuchet (Packed) ×8 · Mangonel ×3 · Monk ×1
Mapa de la partida
Recursos iniciales + cada clic de construcción. Líneas = muros · curvas = relieve. ◆ oro · ⬟ piedra · ● bayas · ✦ reliquia · ◌ hueco del cierre
Tu base· Abierta — hueco de 4t
Base de Lina· Abierta — hueco de 7t
Terreno inicial suavizado · ◌ = hueco del cierre detectado · pasá el cursor para detalles
Inputs por minuto
— HR | Darkjosh89 - - Lina
Build order — HR | Darkjosh89
Primeras 150 de 873 acciones detectadas
| 0:01 | Encolar | Villager (Male) |
| 0:01 | Encolar | Villager (Male) |
| 0:02 | Encolar | Villager (Male) |
| 0:02 | Encolar | Villager (Male) |
| 0:02 | Construir | House |
| 0:03 | Construir | House |
| 1:19 | Encolar | Villager (Male) |
| 1:47 | Encolar | Villager (Male) |
| 2:04 | Construir | Lumber Camp |
| 2:12 | Encolar | Villager (Male) |
| 2:49 | Encolar | Villager (Male) |
| 3:16 | Encolar | Villager (Male) |
| 3:38 | Encolar | Villager (Male) |
| 3:58 | Construir | House |
| 4:05 | Encolar | Villager (Male) |
| 4:23 | Encolar | Villager (Male) |
| 4:56 | Encolar | Villager (Male) |
| 4:59 | Construir | Mill |
| 5:26 | Encolar | Villager (Male) |
| 5:56 | Construir | Palisade Wall |
| 6:02 | Encolar | Villager (Male) |
| 6:16 | Construir | Palisade Wall |
| 6:19 | Encolar | Villager (Male) |
| 6:25 | Construir | House |
| 6:51 | Encolar | Villager (Male) |
| 6:53 | Construir | Palisade Wall |
| 6:56 | Encolar | Villager (Male) |
| 6:58 | Construir | Palisade Wall |
| 7:06 | Encolar | Villager (Male) |
| 7:13 | Construir | House |
| 7:34 | Investigar | Loom |
| 7:56 | Investigar | Feudal Age |
| 8:52 | Construir | House |
| 9:14 | Construir | Barracks |
| 9:45 | Construir | House |
| 9:47 | Encolar | Villager (Male) |
| 9:53 | Construir | Farm |
| 10:20 | Edad | Edad Feudal |
| 10:24 | Construir | Stable |
| 10:25 | Investigar | Double-Bit Axe |
| 10:26 | Investigar | Horse Collar |
| 10:29 | Construir | Farm |
| 10:30 | Construir | Farm |
| 10:39 | Construir | House |
| 10:39 | Encolar | Villager (Male) |
| 10:42 | Construir | House |
| 10:43 | Construir | House |
| 10:51 | Construir | Palisade Wall |
| 10:52 | Construir | Palisade Wall |
| 10:54 | Construir | Palisade Wall |
| 11:05 | Encolar | Scout Cavalry |
| 11:08 | Encolar | Villager (Male) |
| 11:22 | Construir | Farm |
| 11:27 | Encolar | Scout Cavalry |
| 11:33 | Construir | Farm |
| 11:38 | Encolar | Villager (Male) |
| 11:41 | Construir | Farm |
| 11:53 | Construir | Farm |
| 11:57 | Encolar | Villager (Male) |
| 12:05 | Construir | Farm |
| 12:21 | Construir | Farm |
| 12:25 | Encolar | Villager (Male) |
| 12:35 | Construir | Farm |
| 12:44 | Construir | Farm |
| 12:46 | Encolar | Scout Cavalry |
| 12:46 | Encolar | Villager (Male) |
| 12:58 | Encolar | Villager (Male) |
| 13:09 | Construir | Farm |
| 13:18 | Construir | Farm |
| 13:35 | Construir | Farm |
| 13:48 | Encolar | Villager (Male) |
| 14:00 | Construir | Farm |
| 14:05 | Encolar | Villager (Male) |
| 14:26 | Construir | Mining Camp |
| 14:29 | Encolar | Villager (Male) |
| 14:42 | Construir | Farm |
| 14:59 | Construir | Palisade Gate |
| 14:59 | Construir | Palisade Wall |
| 15:00 | Construir | Palisade Wall |
| 15:06 | Encolar | Villager (Male) |
| 15:14 | Construir | House |
| 15:34 | Encolar | Villager (Male) |
| 15:38 | Encolar | Villager (Male) |
| 15:47 | Construir | Archery Range |
| 15:50 | Encolar | Villager (Male) |
| 16:00 | Construir | Farm |
| 16:02 | Construir | Farm |
| 16:12 | Encolar | Villager (Male) |
| 16:17 | Encolar | Skirmisher |
| 16:23 | Construir | Farm |
| 16:25 | Construir | Palisade Gate |
| 16:50 | Encolar | Villager (Male) |
| 17:02 | Construir | Palisade Gate |
| 17:03 | Construir | Palisade Gate |
| 17:07 | Encolar | Skirmisher |
| 17:15 | Construir | Farm |
| 17:38 | Construir | Farm |
| 17:39 | Construir | Farm |
| 17:40 | Encolar | Villager (Male) |
| 17:50 | Encolar | Skirmisher |
| 17:52 | Construir | House |
| 17:53 | Construir | Palisade Wall |
| 18:11 | Encolar | Skirmisher |
| 18:12 | Encolar | Villager (Male) |
| 18:45 | Investigar | Castle Age |
| 18:48 | Encolar | Scout Cavalry |
| 18:51 | Encolar | Skirmisher |
| 18:56 | Construir | Blacksmith |
| 19:02 | Construir | Watch Tower |
| 19:10 | Encolar | Skirmisher |
| 19:15 | Encolar | Villager (Male) |
| 19:16 | Investigar | Gold Mining |
| 19:27 | Encolar | Scout Cavalry |
| 19:40 | Encolar | Scout Cavalry |
| 19:41 | Investigar | Scale Barding Armor |
| 19:45 | Construir | Farm |
| 19:54 | Encolar | Skirmisher |
| 20:03 | Investigar | Fletching |
| 20:23 | Investigar | Padded Archer Armor |
| 20:31 | Construir | House |
| 20:32 | Construir | House |
| 20:37 | Encolar | Scout Cavalry |
| 20:59 | Encolar | Scout Cavalry |
| 21:07 | Encolar | Skirmisher |
| 21:08 | Encolar | Villager (Male) |
| 21:25 | Edad | Edad de los Castillos |
| 21:26 | Construir | House |
| 21:30 | Investigar | Light Cavalry (upgrade) |
| 22:16 | Encolar | Villager (Male) |
| 22:20 | Encolar | Villager (Male) |
| 22:23 | Encolar | Villager (Male) |
| 22:26 | Encolar | Villager (Male) |
| 22:30 | Construir | Mining Camp |
| 22:36 | Encolar | Cavalry Archer |
| 22:46 | Construir | House |
| 22:47 | Construir | House |
| 22:48 | Construir | House |
| 22:57 | Encolar | Villager (Male) |
| 23:04 | Encolar | Cavalry Archer |
| 23:08 | Encolar | Cavalry Archer |
| 23:16 | Investigar | Bodkin Arrow |
| 23:30 | Encolar | Villager (Male) |
| 23:53 | Construir | Town Center |
| 24:03 | Encolar | Cavalry Archer |
| 24:20 | Encolar | Villager (Male) |
| 24:41 | Encolar | Cavalry Archer |
| 25:10 | Encolar | Villager (Male) |
| 25:10 | Encolar | Villager (Male) |
| 25:11 | Encolar | Cavalry Archer |
| 25:16 | Construir | Archery Range |
Build order — Lina
Primeras 150 de 854 acciones detectadas
| 0:00 | Encolar | Villager (Male) |
| 0:01 | Encolar | Villager (Male) |
| 0:02 | Construir | House |
| 0:03 | Construir | House |
| 0:05 | Construir | Barracks |
| 0:06 | Encolar | Villager (Male) |
| 0:08 | Encolar | Villager (Male) |
| 0:08 | Encolar | Villager (Male) |
| 1:04 | Encolar | Villager (Male) |
| 1:39 | Encolar | Villager (Male) |
| 1:39 | Encolar | Villager (Male) |
| 1:43 | Encolar | Unit 2550 |
| 1:45 | Construir | House |
| 1:50 | Encolar | Villager (Male) |
| 2:08 | Encolar | Villager (Male) |
| 2:33 | Encolar | Unit 2550 |
| 2:54 | Encolar | Villager (Male) |
| 3:16 | Construir | House |
| 3:27 | Encolar | Villager (Male) |
| 3:40 | Encolar | Unit 2550 |
| 3:45 | Encolar | Villager (Male) |
| 3:46 | Encolar | Villager (Male) |
| 4:10 | Encolar | Villager (Male) |
| 4:37 | Encolar | Villager (Male) |
| 4:53 | Encolar | Villager (Male) |
| 4:55 | Construir | House |
| 5:11 | Construir | Outpost |
| 5:11 | Encolar | Villager (Male) |
| 5:14 | Encolar | Villager (Male) |
| 5:56 | Encolar | Villager (Male) |
| 6:05 | Encolar | Villager (Male) |
| 6:12 | Encolar | Villager (Male) |
| 6:23 | Encolar | Villager (Male) |
| 6:38 | Construir | Settlement |
| 6:40 | Construir | Settlement |
| 6:57 | Encolar | Villager (Male) |
| 7:10 | Encolar | Villager (Male) |
| 7:17 | Encolar | Villager (Male) |
| 7:28 | Encolar | Villager (Male) |
| 7:47 | Encolar | Villager (Male) |
| 7:55 | Construir | Settlement |
| 7:58 | Encolar | Villager (Male) |
| 8:14 | Investigar | Loom |
| 8:18 | Encolar | Villager (Male) |
| 8:39 | Construir | Outpost |
| 8:41 | Encolar | Villager (Male) |
| 8:50 | Investigar | Feudal Age |
| 9:10 | Encolar | Unit 2550 |
| 9:46 | Encolar | Villager (Male) |
| 9:56 | Encolar | Unit 2550 |
| 10:00 | Construir | House |
| 10:47 | Encolar | Villager (Male) |
| 10:52 | Construir | Settlement |
| 11:02 | Edad | Edad Feudal |
| 11:11 | Encolar | Villager (Male) |
| 11:13 | Investigar | Double-Bit Axe |
| 11:16 | Encolar | Spearman |
| 11:16 | Encolar | Spearman |
| 11:23 | Investigar | Tech 1402 |
| 11:29 | Encolar | Villager (Male) |
| 11:49 | Construir | Archery Range |
| 11:53 | Construir | House |
| 11:54 | Construir | Palisade Wall |
| 12:05 | Encolar | Villager (Male) |
| 12:06 | Encolar | Villager (Male) |
| 12:08 | Construir | Palisade Wall |
| 12:09 | Construir | Palisade Wall |
| 12:11 | Construir | Palisade Wall |
| 12:13 | Construir | Palisade Wall |
| 12:21 | Construir | Palisade Wall |
| 12:22 | Encolar | Villager (Male) |
| 12:30 | Construir | Farm |
| 12:33 | Construir | House |
| 12:40 | Construir | Palisade Wall |
| 12:45 | Encolar | Villager (Male) |
| 12:47 | Construir | Farm |
| 12:51 | Construir | House |
| 13:06 | Encolar | Villager (Male) |
| 13:16 | Construir | Farm |
| 13:21 | Encolar | Archer |
| 13:33 | Construir | Blacksmith |
| 13:35 | Encolar | Villager (Male) |
| 14:05 | Encolar | Archer |
| 14:08 | Construir | House |
| 14:12 | Encolar | Spearman |
| 14:18 | Construir | House |
| 14:23 | Encolar | Villager (Male) |
| 14:26 | Construir | Farm |
| 14:28 | Encolar | Villager (Male) |
| 14:52 | Construir | Farm |
| 14:52 | Construir | Farm |
| 14:53 | Construir | Farm |
| 14:56 | Construir | Farm |
| 14:59 | Encolar | Archer |
| 15:16 | Encolar | Villager (Male) |
| 15:17 | Encolar | Spearman |
| 15:19 | Construir | Palisade Wall |
| 15:32 | Encolar | Archer |
| 15:44 | Construir | Farm |
| 15:45 | Construir | Farm |
| 15:47 | Investigar | Scale Mail Armor |
| 15:48 | Investigar | Scale Mail Armor |
| 15:51 | Encolar | Archer |
| 15:55 | Construir | Palisade Wall |
| 15:58 | Construir | Farm |
| 15:58 | Construir | Farm |
| 16:03 | Encolar | Villager (Male) |
| 16:18 | Encolar | Villager (Male) |
| 16:29 | Encolar | Villager (Male) |
| 16:33 | Encolar | Archer |
| 16:35 | Construir | House |
| 16:35 | Encolar | Archer |
| 16:50 | Encolar | Villager (Male) |
| 16:51 | Encolar | Spearman |
| 17:09 | Encolar | Villager (Male) |
| 17:14 | Encolar | Archer |
| 17:27 | Encolar | Spearman |
| 17:33 | Investigar | Arson |
| 17:37 | Encolar | Villager (Male) |
| 17:51 | Encolar | Villager (Male) |
| 17:58 | Construir | Market |
| 18:09 | Encolar | Villager (Male) |
| 18:14 | Construir | Farm |
| 18:18 | Construir | Farm |
| 18:19 | Construir | Farm |
| 18:24 | Construir | Farm |
| 18:25 | Construir | Farm |
| 18:25 | Construir | Farm |
| 18:36 | Investigar | Fletching |
| 18:39 | Encolar | Villager (Male) |
| 18:41 | Construir | Farm |
| 18:42 | Construir | Farm |
| 18:44 | Construir | Palisade Wall |
| 18:56 | Encolar | Villager (Male) |
| 18:58 | Construir | Farm |
| 18:58 | Construir | Farm |
| 19:12 | Encolar | Villager (Male) |
| 19:30 | Encolar | Spearman |
| 19:51 | Investigar | Castle Age |
| 19:51 | Investigar | Castle Age |
| 19:54 | Encolar | Spearman |
| 20:20 | Investigar | Arson |
| 20:43 | Encolar | Unit 2550 |
| 21:03 | Encolar | Spearman |
| 21:13 | Construir | Archery Range |
| 21:14 | Encolar | Archer |
| 21:14 | Encolar | Archer |
| 21:29 | Construir | Farm |
| 21:30 | Construir | Farm |
| 21:31 | Encolar | Spearman |
Cronología de la partida
| 0:05 | Lina · first_building Barracks |
| 5:56 | HR | Darkjosh89 · wall_segment Palisade Wall x2 |
| 6:16 | HR | Darkjosh89 · wall_segment Palisade Wall x1 |
| 6:53 | HR | Darkjosh89 · wall_segment Palisade Wall x1 |
| 6:58 | HR | Darkjosh89 · wall_segment Palisade Wall x1 |
| 9:14 | HR | Darkjosh89 · first_building Barracks |
| 10:20 | HR | Darkjosh89 · age_up feudal |
| 10:24 | HR | Darkjosh89 · first_building Stable |
| 10:51 | HR | Darkjosh89 · wall_segment Palisade Wall x1 |
| 10:52 | HR | Darkjosh89 · wall_segment Palisade Wall x1 |
| 10:54 | HR | Darkjosh89 · wall_segment Palisade Wall x1 |
| 11:02 | Lina · age_up feudal |
| 11:49 | Lina · first_building Archery Range |
| 11:54 | Lina · wall_segment Palisade Wall x3 |
| 12:08 | Lina · wall_segment Palisade Wall x1 |
| 12:09 | Lina · wall_segment Palisade Wall x2 |
| 12:11 | Lina · wall_segment Palisade Wall x3 |
| 12:13 | Lina · wall_segment Palisade Wall x6 |
| 12:21 | Lina · wall_segment Palisade Wall x3 |
| 12:40 | Lina · wall_segment Palisade Wall x1 |
| 14:59 | HR | Darkjosh89 · wall_segment Palisade Wall x1 |
| 15:00 | HR | Darkjosh89 · wall_segment Palisade Wall x1 |
| 15:19 | Lina · wall_segment Palisade Wall x1 |
| 15:47 | HR | Darkjosh89 · first_building Archery Range |
| 15:55 | Lina · wall_segment Palisade Wall x1 |
| 17:53 | HR | Darkjosh89 · wall_segment Palisade Wall x1 |
| 18:44 | Lina · wall_segment Palisade Wall x1 |
| 19:35 | Lina · first_market_buy 100 food |
| 19:37 | Lina · first_market_sell 100 wood |
| 21:25 | HR | Darkjosh89 · age_up castle |
| 22:31 | Lina · age_up castle |
| 29:49 | HR | Darkjosh89 · first_building Siege Workshop |
| 31:51 | Lina · first_building Siege Workshop |
| 33:57 | HR | Darkjosh89 · first_building Castle |
| 35:24 | HR | Darkjosh89 · first_market_sell 100 food |
| 36:29 | Lina · age_up imperial |
| 37:36 | Lina · first_building Castle |
| 38:44 | HR | Darkjosh89 · first_market_buy 100 food |
| 40:40 | HR | Darkjosh89 · wall_segment Stone Wall x1 |
| 42:53 | HR | Darkjosh89 · age_up imperial |
| 43:03 | Lina · first_building Monastery |
| 47:16 | HR | Darkjosh89 · first_building Monastery |
| 48:34 | Lina · wall_segment Stone Wall x5 |
| 48:35 | Lina · wall_segment Stone Wall x11 |
| 57:10 | Lina · wall_segment Stone Wall x1 |
| 63:36 | Lina · resign |
[ ANÁLISIS IA · 1 CRÉDITO ]
¿Qué pasó realmente en esta partida?
Wolo.gg analiza cada decisión: build order, eco, micro, errores típicos por bracket. Análisis personalizado por WhatsApp o Discord en 30 segundos.
Guía civ
Magiares
Perfil
Jugador #2969073